Map: Eastwatch LE

Players

BobbyAwesome - Winner!

  • Race: Protoss Protoss
  • League: Diamond
  • Spawn Location: 7:00

Sanguinus

  • Race: Zerg Zerg
  • Spawn Location: 1:00

VOD

Have the link to the VOD?

Description

Time

  • Played on: May 15, 2018, 11:06 p.m.
  • Length: 9:27
Show
View Real Time Build Order
Export as new Build Order

BobbyAwesome Protoss - Winner!

Build Orders: Zealot Archon 

Get SALT Encoding   

  12  0:01  Probe  
  13  0:14  Pylon  
  13  0:20  Assimilator  
  13  0:32  Gateway, Probe  
  13  0:40  Probe  
  15  0:50  Probe  
  16  1:02  Probe  
  16  1:03  Gateway  
  17  1:14  Probe  
  18  1:20  Cybernetics Core  
  18  1:26  Probe  
  18  1:29  Zealot  
  21  1:36  Pylon  
  21  1:40  Probe  
  22  1:47  Stalker  
  22  1:52  Stalker, Probe  
  27  2:04  Warp Gate  
  27  2:07  Probe  
  28  2:12  Assimilator  
  28  2:19  Adept  
  30  2:32  Pylon, Probe  
  31  2:52  Twilight Council  
  31  2:53  Zealot x2  
  35  3:12  Gateway  
  35  3:13  Probe  
  35  3:16  Pylon  
  32  3:44  Gateway  
  32  3:47  Pylon  
  32  3:52  Robotics Facility  
  30  4:12  Dark Shrine  
  30  4:14  Zealot  
  32  4:23  Zealot  
  32  4:24  Zealot  
  36  4:30  Immortal  
  36  4:38  Gateway  
  40  4:51  Zealot x3  
  46  5:09  Immortal  
  50  5:18  Stalker  
  52  5:28  Dark Templar  
  54  5:46  Pylon  
  54  5:48  Pylon  
  54  5:53  Warp Prism  
  56  6:06  Dark Templar x2  
  56  6:10  Dark Templar  
  62  6:15  Pylon  
  62  6:20  Archon x2  
  62  6:44  Stalker x3  
  68  7:02  Pylon  
  68  7:12  Dark Templar  
  70  7:16  Sentry  
  72  7:52  Stalker x4  
  72  8:22  Dark Templar x2  
  72  8:23  Zealot x2  
Show
View Real Time Build Order
Export as new Build Order

Sanguinus Zerg 

Build Orders: Hatch First 

Get SALT Encoding   

  12  0:01  Drone  
  13  0:08  Drone  
  14  0:17  Overlord  
  14  0:35  Drone x2  
  15  0:36  Drone  
  17  0:46  Drone  
  18  0:57  Hatchery  
  18  1:00  Drone  
  18  1:03  Extractor  
  17  1:15  Spawning Pool  
  17  1:17  Drone  
  17  1:21  Drone  
  18  1:30  Drone  
  19  1:41  Overlord  
  20  1:54  Drone  
  20  2:04  Metabolic Boost  
  20  2:06  Zergling x2  
  21  2:09  Zergling x2  
  22  2:21  Queen x2  
  26  2:24  Drone  
  27  2:33  Zergling x2  
  27  2:34  Zergling x2  
  27  2:36  Drone x2  
  31  2:56  Queen  
  32  2:59  Drone x2  
  34  3:06  Drone  
  34  3:07  Overlord  
  35  3:23  Drone  
  36  3:33  Drone x4  
  36  3:34  Drone  
  41  3:40  Drone x3  
  43  3:42  Lair  
  43  3:45  Hatchery  
  43  3:48  Zergling x4  
  43  4:01  Extractor  
  42  4:04  Extractor  
  41  4:10  Drone x2  
  41  4:12  Overlord  
  43  4:17  Overlord  
  43  4:29  Roach Warren  
  42  4:39  Overseer  
  42  4:45  Extractor  
  41  4:46  Spire  
  41  4:47  Drone  
  41  4:48  Drone x6  
  41  4:49  Drone  
  48  4:56  Spine Crawler  
  48  4:59  Spore Crawler  
  46  5:01  Spine Crawler  
  46  5:02  Zergling x8  
  46  5:05  Overseer  
  49  5:08  Overlord  
  49  5:12  Drone x3  
  52  5:47  Drone x3  
  52  5:48  Drone x2  
  57  6:02  Overseer  
  57  6:03  Spore Crawler  
  56  6:06  Spore Crawler  
  56  6:08  Mutalisk x3, Spine Crawler  
  56  6:09  Mutalisk  
  62  6:12  Mutalisk  
  64  6:29  Overlord x3  
  64  6:47  Mutalisk x2  
  64  6:49  Mutalisk  
  64  6:51  Overlord x3  
  64  6:53  Queen  
  72  6:56  Drone x2  
  72  6:57  Drone x5  
  79  7:11  Mutalisk  
  81  7:20  Overlord x4  
  81  7:26  Mutalisk x2  
  83  7:43  Mutalisk  
  78  7:52  Zergling x6  
  78  7:53  Zergling x8  
  78  7:58  Zergling x2  
  71  8:18  Mutalisk x3  
  56  8:23  Zergling x2  
  56  8:24  Zergling x4  
  58  8:29  Zergling x2  
Tags
 
Add a new tag
Caveats
  • Supply blocks, unpowered buildings, or Contaminate may cause inaccurate times.
  • Supply counts are checked every 10 seconds.